 Dungeon Crawl Stone Soup version 0.26-a0-661-g406de6ba63 (webtiles) character file.

Game seed: 11641777198997562999

14961 lunkers the Nimble (level 12, 0/80 HPs)
             Began as a Kobold Delver on Oct 8, 2020.
             Was an Elder of Uskayaw.
             Killed by vampiric draining
             ... invoked by a vampire
              (9 damage)
             ... on level 11 of the Dungeon.
             The game lasted 00:26:16 (15516 turns).

lunkers the Nimble (Kobold Delver)                 Turns: 15516, Time: 00:26:17

Health: 0/80       AC:  9    Str: 10    XL:     12   Next: 51%
Magic:  17/17      EV: 22    Int: 18    God:    Uskayaw [****..]
Gold:   674        SH:  0    Dex: 20    Spells: 11/11 levels left

rFire    . . .     SeeInvis .   a - +1 short sword (venom)
rCold    . . .     Faith    .   (shield restricted)
rNeg     . . .     Spirit   .   J - +1 ring mail {MR+}
rPois    .         Reflect  .   (no helmet)
rElec    .         Harm     .   y - +1 cloak
rCorr    .         Rampage  .   n - +0 pair of gloves
MR       +....                  (no boots)
Stlth    +++++++...             D - amulet of magic regeneration
HPRegen  0.23/turn              A - ring of stealth
MPRegen  0.40/turn              P - +6 ring of intelligence

@: no status effects
A: small, nightstalker 3
a: Stomp, Line Pass, Renounce Religion


You were on level 11 of the Dungeon.
You worshipped Uskayaw.
Uskayaw was noncommittal.
You visited 1 branch of the dungeon, and saw 11 of its levels.
You also visited: Sewer.

You collected 674 gold pieces.

Inventory:

Hand Weapons
 a - a +1 short sword of venom (weapon)
 h - a +0 short sword of speed
 s - a +0 short sword
 Q - a +3 scimitar of flaming
Missiles
 M - 23 poisoned darts (quivered)
Armour
 n - a +0 pair of gloves (worn)
 u - a +0 ring mail of poison resistance
 y - a +1 cloak (worn)
 B - a +0 troll leather armour
 J - a +1 ring mail of magic resistance (worn)
 U - a +0 cloak of stealth
 W - a +0 pair of boots
Jewellery
 m - an uncursed ring of wizardry
 v - an uncursed ring of magical power
 A - a ring of stealth (left hand)
 D - an amulet of magic regeneration (around neck)
 P - a +6 ring of intelligence (right hand)
Wands
 b - a wand of acid (12)
 g - a wand of digging (8)
 H - a wand of polymorph (12)
 K - a wand of iceblast (7)
 N - a wand of random effects (11)
 S - a wand of flame (21)
 T - a wand of paralysis (5)
Scrolls
 c - a scroll of fog
 d - 4 scrolls of magic mapping
 k - 2 scrolls of identify
 l - 3 scrolls of amnesia {unknown}
 p - 6 scrolls of remove curse
 q - 2 scrolls of blinking {unknown}
 r - 4 scrolls of enchant weapon {unknown}
 x - 4 scrolls of teleportation {unknown}
 E - 2 scrolls of random uselessness {unknown}
 F - a scroll of silence {unknown}
 I - 2 scrolls of fear
 L - 2 scrolls of vulnerability {unknown}
 V - a scroll of summoning {unknown}
Potions
 e - a potion of might
 f - a potion of haste
 i - 4 potions of flight
 j - 15 potions of curing
 o - a potion of brilliance
 t - a potion of magic
 w - 2 potions of invisibility
 z - 3 potions of lignification
 C - 2 potions of mutation
 G - a potion of cancellation
 R - a potion of resistance
Miscellaneous
 O - a condenser vane (1/2)


   Skills:
 + Level 11.7 Fighting
 - Level 8.0 Short Blades
 + Level 12.5 Dodging
 - Level 12.0 Stealth
 + Level 7.1 Invocations
 - Level 7.0 Evocations


You had 11 spell levels left.
You didn't know any spells.
Your spell library contained the following spells:

 Spells                   Type           Power        Failure   Level
 Animate Skeleton         Necr           #.....       50%         1
 Apportation              Tloc           #.....       50%         1
 Beastly Appendage        Tmut           #.....       50%         1
 Corona                   Hex            #......      50%         1
 Sandblast                Erth           #.....       50%         1
 Shock                    Conj/Air       #...         50%         1
 Summon Small Mammal      Summ           #...         50%         1
 Corpse Rot               Necr/Air       N/A          65%         2
 Ensorcelled Hibernation  Hex/Ice        #.....       65%         2
 Passwall                 Tmut/Erth      #.......     65%         2
 Slow                     Hex            #.......     65%         2
 Swiftness                Air            #.......     65%         2
 Wereblood                Tmut           #.......     65%         2
 Confusing Touch          Hex            #.......     86%         3
 Dazzling Flash           Conj/Hex       #.....       86%         3
 Inner Flame              Hex/Fire       #.......     86%         3
 Lesser Beckoning         Tloc           #.........   86%         3
 Portal Projectile        Hex/Tloc       #.....       86%         3
 Spider Form              Tmut/Pois      #.........   86%         3
 Static Discharge         Conj/Air       #.......     86%         3
 Stone Arrow              Conj/Erth      #.....       86%         3
 Tukima's Dance           Hex            #.......     86%         3
 Airstrike                Air            #.........   99%         4
 Cause Fear               Hex            #.........   99%         4
 Ice Form                 Ice/Tmut       #.......     99%         4
 Leda's Liquefaction      Hex/Erth       #.........   99%         4
 Petrify                  Tmut/Erth      #.......     99%         4
 Alistair's Intoxication  Tmut/Pois      #........    100%        5
 Blade Hands              Tmut           #.........   100%        5
 Lee's Rapid Deconstruct  Erth           #.........   100%        5
 Lightning Bolt           Conj/Air       #.........   100%        5
 Summon Demon             Summ           #.........   100%        5
 Summon Forest            Summ/Tloc      #.........   100%        5
 Summon Mana Viper        Hex/Summ       #.......     100%        5
 Eringya's Noxious Bog    Tmut/Pois      #.........   100%        6
 Hydra Form               Tmut           #.........   100%        6
 Invisibility             Hex            #.......     100%        6
 Shadow Creatures         Summ           N/A          100%        6
 Summon Hydra             Summ           #.........   100%        7


Dungeon Overview and Level Annotations

Branches:
Dungeon (11/15)            Temple (0/1) D:7           Sewer (visited)
   Lair: D:8-11         Orc: D:9-12

Altars:
Elyvilon
Gozag
Hepliaklqana
Sif Muna
Trog
Uskayaw
Wu Jian
Xom

Shops:
D:9 (

Annotations:
D:3 1 runed translucent door, jabarkas's ghost, weakling PaDe
D:5 1 runed translucent door, Ludicrosity's ghost, amateur DEIE
D:10 Grum


Innate Abilities, Weirdness & Mutations

You are small and have problems with some larger weapons.
You are completely attuned to the shadows.


Message History

Something draws strength from your injuries!
Evoke which item? (* to show all) (? for menu, Esc to quit)
Press: ? - help, Shift-Dir - straight line Something hits you.
* * * LOW HITPOINT WARNING * * *
Something bites you!
* * * LOW HITPOINT WARNING * * *
Something draws strength from your injuries!
Unknown command.
Evoke which item? (* to show all) (? for menu, Esc to quit)
Press: ? - help, Shift-Dir - straight line Something misses you.
Something barely misses you.
Unknown command.
Unknown command.
Evoke which item? (* to show all) (? for menu, Esc to quit)
Press: ? - help, Shift-Dir - straight line The bolt of acid hits something!
Something seems to be corroded for longer.
Unholy energy fills the air.
You die...

##.......## #..##
#.........####...#####
+.........'...........
#.........####...#####
##.......## ##..##
##.....## (..(..#
##.<.## ###.#.# ##'##
##### #@# #†# ##.##
#####...# ...†.....#
#####...## ##.## .?.
##


There were no monsters in sight!

Vanquished Creatures
  Harold (D:7)
  An anaconda (D:9)
  A centaur warrior (D:10)
  Erica (D:11)
  An ogre mage (D:10)
  An unseen horror (D:10)
  An ugly thing (D:11)
  Maurice (D:10)
  A gargoyle (D:10)
  Joseph (D:8)
  A freezing wraith (D:10)
  A tengu conjurer (D:10)
  2 trolls
  Grinder (D:4)
  A shadow (D:11)
  A tarantella (shapeshifter) (D:10)
  20 yaks
  A wyvern (D:9)
  A wraith (D:11)
  A swamp worm (D:11)
  Menkaure (D:4)
  A water moccasin (D:10)
  Duvessa (D:5)
  2 orc warriors (D:9)
  3 ice beasts
  4 phantoms
  3 ogres
  A black bear (D:7)
  An eye of draining (D:9)
  A necrophage (D:5)
  A wolf (D:10)
  3 centaurs
  2 big kobolds
  10 bullfrogs
  Dowan (D:5)
  3 scorpions
  9 wights
  2 howler monkeys (D:10)
  2 bullfrog zombies
  9 orc priests
  3 jellies
  2 quasits
  7 hounds
  A bullfrog skeleton (D:5)
  3 centaur skeletons
  2 iguanas
  10 orc wizards
  4 worker ants
  2 hound zombies
  A hound skeleton (D:5)
  A worker ant zombie (D:6)
  3 gnolls (D:3)
  A howler monkey skeleton (D:7)
  16 adders
  2 river rats (Sewer)
  2 shadow imps (D:9)
  A white imp (D:8)
  An ufetubus (D:6)
  An ooze (D:3)
  2 adder skeletons
  An adder zombie (D:9)
  3 worms
  11 dart slugs (D:3)
  5 leopard geckos
  45 orcs
  2 ball pythons
  4 bats
  6 giant cockroaches
  10 hobgoblins
  11 jackals
  5 quokkas
  3 frilled lizards
  9 goblins
  A jackal skeleton (D:4)
  15 kobolds
  A quokka skeleton (D:9)
  8 rats
305 creatures vanquished.

Vanquished Creatures (others)
  A wolf (D:10)
1 creature vanquished.

Grand Total: 306 creatures vanquished

Notes
Turn   | Place    | Note
-------+----------+-------------------------------------------
     0 | D:5      | lunkers the Kobold Delver began the quest for the Orb.
     0 | D:5      | Reached XP level 1. HP: 14/14 MP: 1/1
    21 | D:5      | Noticed a necrophage
    26 | D:5      | Killed a necrophage
    26 | D:5      | Reached XP level 2. HP: 19/19 MP: 2/2
    26 | D:5      | Reached XP level 3. HP: 23/23 MP: 3/3
    26 | D:5      | Reached XP level 4. HP: 28/28 MP: 4/4
    31 | D:5      | Noticed an ogre
    37 | D:4      | Noticed Menkaure
    40 | D:4      | Killed Menkaure
    40 | D:4      | Reached skill level 5 in Short Blades
    40 | D:4      | Reached XP level 5. HP: 32/32 MP: 5/5
    40 | D:4      | Reached XP level 6. HP: 37/37 MP: 6/6
    56 | D:4      | Found a glowing drain.
    64 | Sewer    | Entered a sewer
   355 | Sewer    | Found a glowing silver altar of Zin.
   539 | D:4      | Noticed a phantom
   915 | D:3      | Found a hide-covered altar of Uskayaw.
   932 | D:3      | Reached XP level 7. HP: 38/41 MP: 7/7
  1024 | D:3      | Found a runed translucent door.
  1025 | D:3      | Noticed jabarkas's ghost (weakling PaDe)
  1263 | D:3      | Became a worshipper of Uskayaw the Reveler
  1309 | D:3      | Reached * piety under Uskayaw
  1317 | D:3      | Reached ** piety under Uskayaw
  2474 | D:2      | Found a faded altar of an unknown god.
  2940 | D:2      | Found a white marble altar of Elyvilon.
  3223 | D:3      | Reached skill level 10 in Stealth
  3226 | D:3      | Reached *** piety under Uskayaw
  3232 | D:3      | Reached **** piety under Uskayaw
  4426 | D:4      | Reached XP level 8. HP: 41/46 MP: 8/8
  4790 | D:4      | Noticed Grinder
  4794 | D:4      | Killed Grinder
  5284 | D:5      | Reached XP level 9. HP: 53/53 MP: 9/9
  5322 | D:5      | Found a runed translucent door.
  5323 | D:5      | Noticed Ludicrosity's ghost (amateur DEIE)
  5502 | D:5      | Noticed Dowan
  5503 | D:5      | Noticed Duvessa
  5541 | D:5      | Killed Duvessa
  5541 | D:5      | Reached skill level 5 in Fighting
  5541 | D:5      | Reached skill level 5 in Dodging
  5552 | D:5      | Killed Dowan
  6952 | D:6      | Found an ornate altar of the Wu Jian Council.
  7630 | D:7      | Found an opulent altar of Gozag.
  7635 | D:7      | Found a shimmering blue altar of Sif Muna.
  7638 | D:7      | Found a bloodstained altar of Trog.
  7696 | D:7      | Found a staircase to the Ecumenical Temple.
  7815 | D:7      | Found a hazy altar of Hepliaklqana.
  8334 | D:7      | Noticed Harold
  8341 | D:7      | Killed Harold
  8341 | D:7      | Reached XP level 10. HP: 60/65 MP: 10/10
  8582 | D:8      | Noticed Joseph
  8601 | D:8      | Killed Joseph
  8997 | D:8      | Found a shimmering altar of Xom.
  9778 | D:8      | Reached skill level 10 in Dodging
 10017 | D:8      | Reached skill level 1 in Invocations
 10856 | D:9      | Reached skill level 1 in Evocations
 11226 | D:9      | Reached skill level 10 in Fighting
 11226 | D:9      | Reached XP level 11. HP: 54/72 MP: 11/13
 11338 | D:9      | Noticed a two-headed ogre
 12085 | D:9      | Noticed an anaconda
 12085 | D:9      | a two-headed ogre changed into an anaconda
 12092 | D:9      | Killed an anaconda
 12264 | D:9      | Found Kuditer's Antique Weapon Emporium.
 12630 | D:10     | Entered Level 10 of the Dungeon
 12974 | D:10     | Reached skill level 5 in Invocations
 13009 | D:10     | Noticed Grum
 13197 | D:10     | Noticed a centaur warrior
 13200 | D:10     | Killed a centaur warrior
 13200 | D:10     | Reached skill level 5 in Evocations
 13201 | D:10     | Noticed an ogre mage
 13205 | D:10     | Killed an ogre mage
 13339 | D:10     | Reached ***** piety under Uskayaw
 13344 | D:10     | Reached XP level 12. HP: 37/80 MP: 16/16
 14139 | D:10     | Noticed Maurice
 14148 | D:10     | Got a spiked ring mail
 14161 | D:10     | Killed an unseen horror
 14345 | D:10     | Killed Maurice
 14369 | D:10     | Identified the cursed +0 ring mail "Qaeluwox" {+Fly rElec
                  | rN++ Slay-2} (You found it on level 10 of the Dungeon)
 14899 | D:11     | Noticed Erica
 14901 | D:11     | Killed Erica
 15176 | D:11     | Noticed Urug
 15180 | D:11     | Noticed Urug
 15180 | D:11     | Urug changed into Urug the swamp worm
 15188 | D:11     | Killed Urug the swamp worm
 15516 | D:11     | Killed from afar by a vampire

Illustrated notes

Levels and vault maps discovered:
D:1:      roderic_dead_forest, layout_basic, serial_bayou_lake_a
D:2:      layout_loops_ring, lemuel_coloured_pillars_altar,
          chequers_ecumenical_altar_simple
D:3:      kennysheep_slugbush, layout_loops_ring, overflow_temple_1_default,
          gammafunk_ghost_grave
D:4:      layout_cave_pools, cheibrodos_sewer_entry_sluice, uniq_menkaure,
          uniq_grinder
D:5:      layout_basic, serial_co_window_serial, co_window_corner_a,
          co_window_paths_b, co_window_paths_a, co_window_corner_a,
          co_window_paths_a, co_window_cross_1, co_window_paths_a,
          co_window_of_opportunity_c, co_window_of_opportunity_c,
          co_window_broadway_c, co_window_corner_b, co_window_unsneaky_path_a,
          glass_columns_a, glass_columns_b, glass_columns_a, glass_columns_c,
          glass_columns_b, gammafunk_ghost_grave, uniq_duvessa
D:6:      layout_basic, old_standard_altar, minmay_misc_feat_square, st_stairs_3
D:7:      layout_loops_ring, grunt_temple_overflow_open, marbit_many_paths,
          minmay_temple_entry_waves, uniq_harold
D:8:      layout_rooms, xom_butterflies, uniq_joseph
D:9:      layout_rooms, serial_curves, eino_curves_02, eino_curves_02,
          st_stairs_13, kennysheep_windowed_goal
D:10:     minmay_cut_squares, layout_gridville, lemuel_old_faithful,
          uniq_maurice, uniq_grum
D:11:     layout_loops_corners, lair_entry_dummy, david_defended_altar_orc,
          uniq_erica, uniq_urug

Skill      XL: |  1  2  3  4  5  6  7  8  9 10 11 12 |
---------------+-------------------------------------+-----
Short Blades   | 4 5 6 8 |  8.0
Stealth        | 7 8 9 10 12 | 12.0
Dodging        | 4 8 10 11 12 | 12.5
Fighting       | 4 8 10 11 | 11.7
Invocations    | 2 5 7 |  7.1
Evocations     | 1 5 7 |  7.0

Action                   |  1- 3 |  4- 6 |  7- 9 | 10-12 || total
-------------------------+-------+-------+-------+-------++-------
Melee: Short sword       |     2 |   136 |   504 |   758 ||  1400
Throw: Dart              |       |       |       |    56 ||    56
Evoke: Wand              |       |       |       |    31 ||    31
       Condenser vane    |       |       |       |     2 ||     2
  Use: Scroll            |       |       |     1 |    10 ||    11
 Stab: Sleeping          |     1 |     9 |    70 |    25 ||   105
       Paralysed         |       |       |     4 |    14 ||    18
       Distracted        |       |       |       |     1 ||     1
Armor: Leather armour    |     1 |    13 |    61 |       ||    75
       Ring mail         |       |       |    15 |   109 ||   124
Dodge: Dodged            |       |    50 |   277 |   526 ||   853

Table legend: (Time is in decaauts)
 A = Elapsed time spent in this place.
 B = Non-inter-level travel time spent in this place.
 C = Inter-level travel time spent in this place.
 D = Time resting spent in this place.
 E = Time spent auto-exploring this place.
 F = Levels seen in this place.
 G = Mean time per level.
                   A        B        C        D        E       F      G
               +--------+--------+--------+--------+--------+-----+--------+
         Total |  15243 |  14750 |    493 |   2513 |   9573 |  12 | 1270.2 |
       Dungeon |  14766 |  14273 |    493 |   2513 |   9173 |  11 | 1342.4 |
         Sewer |    476 |    476 |      0 |      0 |    399 |   1 |  476.0 |
               +--------+--------+--------+--------+--------+-----+--------+

Top non-repeatable levels by time:
     D:9: 2389 daAuts
    D:10: 1945 daAuts
     D:8: 1816 daAuts
     D:3: 1731 daAuts
     D:5: 1532 daAuts
     D:7: 1031 daAuts
     D:4: 1004 daAuts
     D:6: 992 daAuts
     D:2: 960 daAuts
     D:1: 765 daAuts
    D:11: 597 daAuts
   Sewer: 476 daAuts
